 Dungeon Crawl Stone Soup version 0.28-a0-1174-g766a6a42ef (webtiles) character file.

Game seed: 14571291837500890953

661 septik the Cudgeller (level 7, -6/57 HPs)
             Began as a Minotaur Berserker on Dec 16, 2021.
             Was a Believer of Trog.
             Mangled by Edmund (14 damage)
             ... on level 6 of the Dungeon.
             The game lasted 00:08:19 (4630 turns).

septik the Cudgeller (Minotaur Berserker)           Turns: 4630, Time: 00:08:21

Health: -6/57      AC:  6    Str: 24    XL:     7   Next: 30%
Magic:  6/6        EV: 12    Int:  4    God:    Trog [**....]
Gold:   290        SH:  0    Dex:  9    Spells: 6/6 levels left

rFire   . . .      SeeInvis .   n - +0 war axe
rCold   . . .      Faith    .   (no shield)
rNeg    . . .      Spirit   .   b - +0 animal skin
rPois   .          Reflect  .   (helmet restricted)
rElec   .          Harm     .   h - +2 cloak
rCorr   .          Rampage  .   x - +0 pair of gloves
Will    .....                   (no boots)
Stlth   +.........              (no amulet)
HPRegen 0.19/turn               (no ring)
MPRegen 0.10/turn               (no ring)

@: on berserk cooldown, slowed, very slow
A: horns 2, retaliatory headbutt
a: Renounce Religion, Berserk, Trog's Hand


You were on level 6 of the Dungeon.
You worshipped Trog.
Trog was pleased with you.
You visited 1 branch of the dungeon, and saw 6 of its levels.

You collected 290 gold pieces.

Inventory:

Hand Weapons
 a - a +0 hand axe
 n - a +0 war axe (weapon)
Missiles
 c - 226 stones (quivered)
 f - 23 poisoned darts
Armour
 b - a +0 animal skin (worn)
 h - a +2 cloak (worn)
 l - a +0 scale mail
 x - a +0 pair of gloves (worn)
Jewellery
 i - a ring of ice
 j - a +6 ring of strength
 t - a ring of resist corrosion
 u - a ring of ice
Wands
 s - a wand of paralysis (6)
Scrolls
 d - 2 scrolls of vulnerability {unknown}
 e - a scroll of enchant weapon {unknown}
 g - 6 scrolls of identify {unknown}
 k - 2 scrolls of teleportation {unknown}
 m - a scroll of blinking {unknown}
Potions
 o - a potion of degeneration {unknown}
 p - 2 potions of lignification {unknown}
 q - a potion of might {unknown}
 r - 2 potions of resistance {unknown}
 v - a potion of cancellation {unknown}
 w - a potion of heal wounds {unknown}
 z - a potion of flight {unknown}


   Skills:
 - Level 3.6 Fighting
 + Level 6.9(8.4) Axes
 - Level 7.4(8.7) Maces & Flails
 - Level 2.4 Armour
 - Level 2.1 Dodging


You had 6 spell levels left.
You didn't know any spells.
Your spell library was empty.

Dungeon Overview and Level Annotations

Branches:
Dungeon (6/15)             Temple (0/1) D:5

Altars:

Annotations:
D:6 Edmund


Innate Abilities, Weirdness & Mutations

You have a pair of horns on your head.
You reflexively headbutt those who attack you in melee.


Message History

The gnoll closely misses you.
A gnoll comes into view. It is wielding a +0 whip.
You see here a +0 club.
You barely miss the gnoll.
The gnoll shouts!
You slash the gnoll shaman! The gnoll hits you but does no damage.
The gnoll shaman hits you with a +0 whip.
You slice the gnoll!!
You kill the gnoll!
Trog accepts your kill.
You slash the gnoll shaman!
You kill the gnoll shaman!
Trog accepts your kill.
Items here: )) ? [ ††.
You feel a strong urge to attack something.
Edmund hits you with a +1 vorpal dire flail!
You barely miss Edmund.
Edmund hits you with a +1 vorpal dire flail!
* * * LOW HITPOINT WARNING * * *
x2 You hit Edmund.
Edmund is lightly wounded.
You slash Edmund! Your headbutt misses Edmund.
Edmund is moderately wounded.
You are no longer berserk.
You are exhausted.
You feel yourself slow down.
Edmund hits you with a +1 vorpal dire flail.
* * * LOW HITPOINT WARNING * * *
x2 You hit Edmund.
Edmund is moderately wounded.
A gnoll comes into view. It is wielding a +2 vampiric whip.
Edmund closely misses you. The gnoll barely misses you.
Edmund closely misses you.
The gnoll shouts!
You hit Edmund.
Edmund is heavily wounded.
You closely miss the gnoll. The gnoll hits you with a +0 whip.
* * * LOW HITPOINT WARNING * * *
Edmund hits you with a +1 vorpal dire flail!
You die...

...... .....
.... ... # ..
.. .# ...###.##
.. ##....@.##
.###
.......@g#....#
#
#######)...##.#
#
#####.))....g.
#
#.....#####...
# ###.##### ..
#########...# #
..........###
###########
........


You could see Edmund and 2 gnolls.

Vanquished Creatures
  A black bear (D:4)
  2 ogres (D:5)
  A centaur (D:3)
  A gnoll shaman (D:6)
  3 iguanas
  An orc wizard (D:4)
  A howler monkey zombie (D:4)
  6 gnolls
  2 adders
  A white imp (D:5)
  A worm (D:4)
  2 dart slugs
  5 orcs (D:4)
  5 bats
  2 endoplasms
  4 giant cockroaches
  8 goblins
  10 hobgoblins
  7 jackals
  6 quokkas
  6 ball pythons
  A frilled lizard (D:1)
  7 kobolds
  8 rats
91 creatures vanquished.

Notes
Turn   | Place    | Note
-------+----------+-------------------------------------------
     0 | D:1      | septik the Minotaur Berserker began the quest for the Orb.
     0 | D:1      | Reached XP level 1. HP: 19/19 MP: 0/0
    30 | D:1      | Reached skill level 1 in Maces & Flails
   261 | D:1      | Reached skill level 2 in Maces & Flails
   295 | D:1      | Reached XP level 2. HP: 21/26 MP: 1/1
   536 | D:1      | Found a faded altar of an unknown god.
   893 | D:2      | Reached skill level 3 in Maces & Flails
   989 | D:2      | Reached XP level 3. HP: 18/31 MP: 2/2
  1193 | D:2      | Reached ** piety under Trog
  1546 | D:3      | Reached skill level 4 in Maces & Flails
  1550 | D:3      | Reached XP level 4. HP: 32/39 MP: 3/3
  1828 | D:3      | Reached skill level 5 in Maces & Flails
  2126 | D:3      | Upgraded the game from 0.28-a0-1159-g27aa881441 to
                  | 0.28-a0-1174-g766a6a42ef
  2298 | D:3      | Noticed a centaur
  2307 | D:3      | Killed a centaur
  2308 | D:3      | Reached skill level 6 in Maces & Flails
  2308 | D:3      | Reached XP level 5. HP: 45/45 MP: 4/4
  2609 | D:4      | Noticed a black bear
  2614 | D:4      | Killed a black bear
  2615 | D:4      | Reached skill level 7 in Maces & Flails
  2615 | D:4      | Reached XP level 6. HP: 51/51 MP: 5/5
  3398 | D:5      | Entered Level 5 of the Dungeon
  3405 | D:5      | Reached skill level 5 in Axes
  3631 | D:5      | Reached XP level 7. HP: 34/57 MP: 6/6
  4292 | D:5      | Found a staircase to the Ecumenical Temple.
  4621 | D:6      | Noticed Edmund
  4630 | D:6      | Mangled by Edmund

Illustrated notes

Levels and vault maps discovered:
D:1:      saegor_arrival_miasma, layout_rooms,
          hellmonk_ecumenical_altar_heavens_door
D:2:      layout_rooms, hangedman_decor_riveting
D:3:      layout_basic, grunt_ministairs_10, kennysheep_decorative_pillar
D:4:      layout_loops_cross
D:5:      layout_basic, minmay_temple_entry_poolview
D:6:      layout_rooms, marbit_many_paths, mainiacjoe_overflow_alcove_2,
          uniq_grinder, uniq_edmund

Skill      XL: |  1  2  3  4  5  6 |
---------------+-------------------+-----
Maces & Flails | 2 3 4 6 7 |  7.4
Axes           | 6 |  6.9
Fighting       | |  3.6
Armour         | |  2.4
Dodging        | |  2.1

Action                   |  1- 3 |  4- 6 |  7- 9 || total
-------------------------+-------+-------+-------++-------
Melee: Hand axe          |    84 |     5 |       ||    89
       Headbutt          |    11 |    15 |     3 ||    29
       War axe           |       |    98 |    22 ||   120
Invok: Berserk           |     1 |     4 |     1 ||     6
Armor: Animal skin       |    32 |    29 |     5 ||    66
Dodge: Dodged            |    48 |    65 |    16 ||   129

Table legend: (Time is in decaauts)
 A = Elapsed time spent in this place.
 B = Non-inter-level travel time spent in this place.
 C = Inter-level travel time spent in this place.
 D = Time resting spent in this place.
 E = Time spent auto-exploring this place.
 F = Levels seen in this place.
 G = Mean time per level.
                   A        B        C        D        E       F      G
               +--------+--------+--------+--------+--------+-----+--------+
         Total |   4709 |   4576 |    133 |    545 |   3392 |   6 |  784.8 |
       Dungeon |   4709 |   4576 |    133 |    545 |   3392 |   6 |  784.8 |
               +--------+--------+--------+--------+--------+-----+--------+

Top non-repeatable levels by time:
     D:3: 1200 daAuts
     D:5: 1186 daAuts
     D:4: 784 daAuts
     D:1: 773 daAuts
     D:2: 716 daAuts
     D:6: 46 daAuts
